Map: Nightshade LE

Players

ETpwnHome - Winner!

  • Race: Zerg Zerg
  • League: Grandmaster
  • Spawn Location: 11:00

NeO

  • Race: Terran Terran
  • League: Master
  • Spawn Location: 5:00

VOD

Have the link to the VOD?

Description

Time

  • Played on: April 25, 2020, 1:43 p.m.
  • Length: 5:23
Show
View Real Time Build Order
Export as new Build Order

ETpwnHome Zerg - Winner!

Build Orders: Hatch First, Roach Nydus 

Get SALT Encoding   

  12  0:00  Drone  
  13  0:13  Overlord  
  13  0:17  Drone  
  14  0:32  Drone x2  
  16  0:47  Hatchery  
  15  0:51  Drone  
  15  0:55  Drone  
  17  0:59  Drone  
  18  1:13  Spawning Pool  
  18  1:15  Drone  
  18  1:18  Drone  
  19  1:28  Overlord  
  19  1:39  Drone  
  20  1:53  Drone  
  21  2:00  Queen x2  
  26  2:01  Zergling x4  
  27  2:12  Drone x2  
  29  2:21  Overlord  
  29  2:22  Drone  
  30  2:33  Drone  
  30  2:34  Drone  
  30  2:36  Queen x2  
  36  2:43  Extractor, Overlord  
  35  2:45  Drone, Extractor  
  35  2:53  Drone  
  36  3:01  Drone  
  37  3:07  Drone x2  
  37  3:10  Drone x6  
  45  3:18  Drone  
  45  3:19  Drone  
  47  3:22  Evolution Chamber  
  47  3:26  Lair  
  46  3:31  Roach Warren  
  45  3:35  Extractor, Evolution Chamber  
  45  3:36  Drone x2  
  45  3:43  Drone x3  
  45  3:44  Drone  
  45  3:45  Drone  
  45  3:47  Drone x2  
  52  3:50  Overlord  
  52  4:02  Overlord  
  52  4:03  Overlord  
  52  4:06  Overlord  
  52  4:10  Drone  
  53  4:19  Queen  
  53  4:21  Overlord  
  55  4:25  Nydus Network, Roach x2  
  55  4:28  Roach  
  55  4:30  Roach  
  62  4:34  Roach  
  62  4:36  Queen  
  66  4:40  Roach  
  66  4:42  Roach  
  70  4:46  Roach  
  70  4:47  Roach  
  70  4:51  Roach x2  
  78  5:03  Nydus Canal  
  86  5:14  Evolution Chamber  
Show
View Real Time Build Order
Export as new Build Order

NeO Terran 

Build Orders: Hellion Opening, Reaper Expand 

Get SALT Encoding   

  12  0:02  SCV  
  13  0:14  SCV  
  13  0:18  Supply Depot  
  14  0:26  SCV  
  15  0:40  SCV  
  15  0:41  Barracks  
  16  0:45  Refinery  
  16  0:52  SCV  
  17  1:04  SCV  
  18  1:16  SCV  
  19  1:28  Reaper  
  19  1:30  Orbital Command  
  20  1:43  Command Center  
  20  1:52  Supply Depot  
  20  1:56  SCV  
  21  2:01  Marine  
  22  2:08  SCV  
  22  2:11  Factory  
  23  2:19  Refinery  
  23  2:23  Barracks Reactor  
  23  2:24  SCV  
  24  2:36  SCV  
  25  2:48  SCV  
  26  2:56  Starport  
  25  3:00  SCV  
  25  3:01  Orbital Command  
  26  3:08  Hellion x2  
  26  3:10  Barracks Tech Lab  
  26  3:11  Marine  
  32  3:12  SCV  
  32  3:24  SCV  
  33  3:29  SCV, Hellion  
  33  3:30  Hellion  
  33  3:32  Barracks Tech Lab  
  38  3:37  SCV  
  38  3:40  Fusion Core  
  39  3:41  SCV  
  39  3:44  Supply Depot  
  40  3:51  Hellion x2, SCV  
  45  4:00  SCV  
  46  4:06  SCV  
  47  4:11  Supply Depot  
  47  4:21  Command Center  
  47  4:23  Hellion  
  51  4:25  SCV x2  
  53  4:38  SCV, Supply Depot  
  57  4:39  SCV  
  59  4:51  SCV x2, Barracks Tech Lab  
  61  4:56  Engineering Bay  
  61  4:58  Supply Depot  
  61  4:59  Widow Mine x2  
  65  5:03  Supply Depot  
Tags
 
Add a new tag
Caveats
  • Supply blocks, unpowered buildings, or Contaminate may cause inaccurate times.
  • Supply counts are checked every 10 seconds.